 Dungeon Crawl Stone Soup version 0.13.0-19-g8e0b589 (console) character file.

2752 Illaniel the Slasher (level 9, 0/57 HPs)
             Began as a High Elf Skald on Oct 24, 2013.
             Was a Priest of Okawaru.
             Slain by a killer bee (6 damage)
             ... on Level 8 of the Dungeon.
             The game lasted 00:33:37 (6759 turns).

Illaniel the Slasher (High Elf Skald)               Turns: 6759, Time: 00:33:37

HP   0/57        AC  8     Str 11      XL: 9   Next: 31%
MP  13/24        EV 13     Int 20      God: Okawaru [***...]
Gold 201         SH  0     Dex 15      Spells:  4 memorised, 11 levels left

Res.Fire  : . . .   See Invis. : .   a - +1,+2 orc long sword
Res.Cold  : . . .   Warding    : .   b - +0 elf leather armour
Life Prot.: . . .   Conserve   : .   (no shield)
Res.Poison: .       Res.Corr.  : .   G - +0 helmet
Res.Elec. : .       Clarity    : .   I - +0 elf cloak
Sust.Abil.: . .     Spirit.Shd : .   x - +0 pair of gauntlets
Res.Mut.  : .       Stasis     : .   M - +0 pair of boots
Res.Rott. : .       Flight     : .   o - amulet of the gourmand
Gourmand  : +                        O - ring of sustenance
                                     h - ring of regeneration

@: very slightly contaminated, somewhat resistant to hostile enchantments,
stealthy
A: no striking features
a: Heroism, Renounce Religion


You were on level 8 of the Dungeon.
You worshipped Okawaru.
Okawaru was most pleased with you.
You were very full.

You visited 2 branches of the dungeon, and saw 9 of its levels.

You collected 181 gold pieces.

Inventory:

Hand weapons
 a - a +1,+2 orcish long sword (weapon)
 j - a +0,+0 elven falchion
 v - a +2 blowgun
 N - a +2,+0 orcish falchion
 S - a +0,+0 falchion
Missiles
 E - 52 poisoned needles
Armour
 b - a +0 elven leather armour (worn)
 x - a +0 pair of gauntlets (worn)
 G - a +0 helmet (worn)
 I - a +0 elven cloak (worn)
 M - a +0 pair of boots (worn)
Magical devices
 n - a wand of paralysis (11)
 B - a wand of cold (2)
 U - a wand of fire (5)
Comestibles
 d - 3 bread rations
 p - an apricot
 q - a slice of pizza
 r - 2 apples
 K - a banana
 L - 2 meat rations
 V - 2 chunks of orc flesh
Scrolls
 f - 2 scrolls of enchant weapon I {unknown}
 i - a scroll of identify
 l - 2 scrolls of curse armour {unknown}
 m - 2 scrolls of amnesia {unknown}
 s - 2 scrolls of recharging
 t - 4 scrolls of remove curse
 u - 3 scrolls of teleportation {unknown}
 y - 2 scrolls of fear {unknown}
 C - 2 scrolls of enchant weapon II {unknown}
 D - 4 scrolls of noise {unknown}
 F - a scroll of curse jewellery {unknown}
 H - a scroll of curse weapon {unknown}
 R - a scroll of magic mapping {unknown}
 X - a scroll of blinking {unknown}
Jewellery
 h - a ring of regeneration (left hand)
 o - an amulet of the gourmand (around neck)
 z - an uncursed ring of teleport control
 O - a ring of sustenance (right hand)
 Q - an uncursed amulet of inaccuracy {unknown}
Potions
 e - 2 potions of decay
 g - 2 potions of curing
 k - a potion of flight
 w - 2 potions of restore abilities
 A - 3 potions of degeneration
 J - a potion of might
 P - a potion of poison {unknown}
 T - a potion of heal wounds {unknown}
 W - a potion of berserk rage {unknown}
Books
 c - a book of Battle

   Spells                             Type                      Level
   *Infusion                          Charms                       1
   *Shroud of Golubria                Charms/Translocation         2
   *Song of Slaying                   Charms                       2
   *Spectral Weapon                   Hexes/Charms                 3
   Regeneration                       Charms/Necromancy            3
   Song of Shielding                  Charms                       4


   Skills:
 * Level 5.0 Fighting
 * Level 6.0 Long Blades
 * Level 4.4 Armour
 * Level 4.9 Dodging
 + Level 3.4 Stealth
 * Level 5.6 Spellcasting
 + Level 2.4 Hexes
 + Level 5.6 Charms
 + Level 2.6 Translocations
 * Level 3.4 Invocations


You had 11 spell levels left.
You knew the following spells:

 Your Spells              Type           Power        Failure   Level  Hunger
a - Infusion              Chrm           ####..       1%          1    None
b - Song of Slaying       Chrm           ####......   1%          2    None
c - Spectral Weapon       Hex/Chrm       ###.....     10%         3    ##.....
h - Shroud of Golubria    Chrm/Tloc      ###.......   2%          2    None


Dungeon Overview and Level Annotations

Branches:
Dungeon (8/27)             Temple (1/1) D:7
    Orc: D:6-11        Lair: D:8-13

Altars:
Ashenzari
Cheibriados
Makhleb
Okawaru
Sif Muna
Vehumet
Xom
the Shining One
Lugonu

Annotations:
D:3 1 exclusion


Message History

The killer bee closely misses you. The killer bee barely misses you.
You miss the killer bee.
The killer bee is severely wounded.
Your spectral weapon fades away.
The killer bee barely misses you. The killer bee stings you.
The killer bee stings you! The killer bee stings you.
You are more poisoned.
The killer bee poisons you! The killer bee closely misses you.
The killer bee closely misses you. The killer bee stings you.
* * * LOW HITPOINT WARNING * * *
Drink which item? (? for menu, Esc to quit)
You feel better.
The killer bee stings you but does no damage.
The killer bee barely misses you. The killer bee stings you.
The killer bee stings you!
* * * LOW HITPOINT WARNING * * *
The killer bee stings you!
* * * LOW HITPOINT WARNING * * *
The killer bee stings you.
You die...

▒∙∙∙∙∙<∙∙▒
▒∙∙∙∙)∙∙∙▒
▒∙∙∙∙∙∙(∙▒
▒∙∙∙∙∙∙∙∙▒
▒∙∙∙∙∙∙∙∙▒
▒∙∙∙∙∙∙∙∙▒
▒∙∙∙∙∙∙∙∙▒
▒∙∙∙∙∙∙∙∙▒
▒∙∙∙∙∙∙∙∙▒
▒∙∙∙∙∙[∙∙▒
▒∙∙∙∙∙∙@∙▒


▒∙∙∙∙∙kkk▒ ▒∙∙∙∙∙∙∙∙▒ ▒∙∙∙∙)∙∙[▒ ▒<∙∙?∙∙∙∙▒ ▒∙∙∙(∙∙∙∙▒ ▒∙∙∙∙∙∙∙∙▒ ▒∙∙∙(∙∙∙∙▒
▒∙∙(∙∙∙∙∙▒ ▒(∙∙∙?∙∙∙▒ ▒∙%(∙∙∙∙∙▒ You could see 3 killer bees.

Vanquished Creatures
  Prince Ribbit (D:7)
  2 hippogriffs (D:7)
  An ice beast (D:6)
  5 ogres
  An orc warrior (D:7)
  2 centaurs (D:7)
  Blork the orc (D:5)
  6 killer bees
  A giant frog (D:7)
  A fire bat (D:4)
  A crimson imp (D:5)
  2 hounds
  2 gnoll shamans
  2 orc priests
  2 jellies
  3 worker ants
  6 iguanas
  3 orc wizards
  A scorpion (D:7)
  12 gnolls
  3 adders
  3 worms
  A giant mite (D:4)
  An iguana skeleton (D:5)
  A giant eyeball (D:7)
  3 oozes (D:3)
  18 orcs
  2 ball pythons
  10 bats
  9 goblins
  10 hobgoblins
  7 jackals
  5 kobolds
  A quokka (D:4)
  4 training dummies (D:4)
  7 giant cockroaches
  6 giant geckos
  A giant gecko skeleton (D:4)
  8 giant newts
  A goblin skeleton (D:4)
  An orc skeleton (D:6)
  12 rats
169 creatures vanquished.

Vanquished Creatures (collateral kills)
  A quasit (D:7)
1 creature vanquished.

Vanquished Creatures (others)
  4 spectral weapons
4 creatures vanquished.

Grand Total: 174 creatures vanquished

Notes
Turn   | Place    | Note
--------------------------------------------------------------
     0 | D:1      | Illaniel, the High Elf Skald, began the quest for the Orb.
     0 | D:1      | Reached XP level 1. HP: 13/13 MP: 4/4
    14 | D:1      | Reached skill level 1 in Armour
    67 | D:1      | Reached XP level 2. HP: 1/18 MP: 0/6
    72 | D:1      | Learned a level 2 spell: Song of Slaying
    75 | D:1      | Learned a level 2 spell: Shroud of Golubria
  1026 | D:2      | Reached skill level 4 in Charms
  1026 | D:2      | Reached XP level 3. HP: 23/23 MP: 0/9
  1552 | D:3      | Reached XP level 4. HP: 29/29 MP: 11/11
  1561 | D:3      | Learned a level 3 spell: Spectral Weapon
  1835 | D:4      | Found an iron altar of Okawaru.
  1847 | D:4      | Became a worshipper of Warmaster Okawaru
  2613 | D:4      | Reached XP level 5. HP: 34/34 MP: 13/13
  2654 | D:4      | Reached skill level 1 in Stealth
  2794 | D:4      | Reached skill level 1 in Translocations
  2937 | D:4      | Found a glowing golden altar of the Shining One.
  3761 | D:5      | Entered Level 5 of the Dungeon
  3786 | D:5      | Reached XP level 6. HP: 40/40 MP: 4/17
  3795 | D:5      | Noticed Blork the orc
  3809 | D:5      | Killed Blork the orc
  4315 | D:5      | Acquired Okawaru's first power
  4454 | D:6      | Reached XP level 7. HP: 45/45 MP: 12/19
  4949 | D:6      | Reached skill level 1 in Invocations
  5091 | D:7      | Reached skill level 1 in Hexes
  5091 | D:7      | Reached skill level 5 in Charms
  5094 | D:7      | Paralysed by a giant eyeball for 2 turns
  5108 | D:7      | Found a staircase to the Ecumenical Temple.
  5117 | Temple   | Entered the Ecumenical Temple
  5229 | D:7      | Reached XP level 8. HP: 25/52 MP: 9/21
  5337 | D:7      | Reached skill level 5 in Long Blades
  6175 | D:5      | Noticed an ogre
  6196 | D:5      | Killed an ogre
  6196 | D:5      | Reached skill level 5 in Spellcasting
  6327 | D:8      | Noticed Prince Ribbit
  6392 | D:7      | Reached XP level 9. HP: 57/57 MP: 10/23
  6661 | D:7      | Killed Prince Ribbit
  6661 | D:7      | Reached skill level 6 in Long Blades
  6711 | D:8      | Reached skill level 5 in Fighting
  6759 | D:8      | Slain by a killer bee

Action                   |  1- 3 |  4- 6 |  7- 9 || total
-------------------------+-------+-------+-------++-------
Melee: Falchion          |   114 |   135 |     1 ||   250
       Long sword        |       |    21 |   177 ||   198
 Fire: Blowgun           |       |    23 |    28 ||    51
 Cast: Infusion          |    18 |    22 |    30 ||    70
       Shroud of Golubri |    13 |    14 |    23 ||    50
       Song of Slaying   |     1 |     4 |     8 ||    13
       Spectral Weapon   |       |    17 |    36 ||    53
Invok: Heroism           |       |       |     2 ||     2
Evoke: Wand              |     1 |     5 |     6 ||    12
  Use: Scroll            |       |     6 |     3 ||     9
       Potion            |       |     1 |     1 ||     2
 Stab: Paralysed         |       |     1 |       ||     1
       Distracted        |       |       |     1 ||     1
